 Dungeon Crawl Stone Soup version 0.30-a0-39-g42789b21ef (webtiles) character file.

Game seed: 8213966022091530458

54 drugrobin the Sneak (level 3, -2/30 HPs)
             Began as a Demigod Delver on Aug 28, 2022.
             Slain by a gnoll
             ... wielding a +0 flail
              (12 damage)
             ... on level 1 of the Dungeon on Aug 29, 2022.
             The game lasted 00:03:42 (1949 turns).

drugrobin the Sneak (Demigod Delver)                Turns: 1949, Time: 00:03:42

Health: -2/30      AC:  3    Str: 13    XL:     3   Next: 44%
Magic:  5/5        EV: 12    Int: 12    God:
Gold:   66         SH:  0    Dex: 19    Spells: 2/2 levels left

rFire   . . .      SeeInvis .    b - +1 whip (venom)
rCold   . . .      Faith    .    (no shield)
rNeg    . . .      Spirit   .    p - +0 leather armour
rPois   .          Reflect  .    (no helmet)
rElec   .          Harm     .    (no cloak)
rCorr   .          Rampage  .    (no gloves)
Will    .....                    (no boots)
Stlth   +++.......               (no amulet)
HPRegen 0.10/turn                (no ring)
MPRegen 0.09/turn                (no ring)

@: no status effects
A: high MP 1, forlorn, divine attributes
a: no special abilities


You were on level 1 of the Dungeon.
You visited 1 branch of the dungeon, and saw 5 of its levels.

You collected 66 gold pieces.

Inventory:

Hand Weapons
 a - a +0 short sword
 b - a +1 whip of venom (weapon)
Armour
 h - an orb of light
 p - a +0 leather armour (worn)
Jewellery
 s - a ring of ice
Wands
 g - a wand of digging (3)
Scrolls
 c - a scroll of fog
 d - 2 scrolls of magic mapping
 i - a scroll of enchant armour {unknown}
 l - a scroll of teleportation {unknown}
 o - 2 scrolls of identify {unknown}
 q - a scroll of torment {unknown}
 r - a scroll of immolation {unknown}
Potions
 f - 2 potions of haste
 k - a potion of resistance {unknown}
 m - 2 potions of curing {unknown}
 n - a potion of mutation {unknown}
 t - a potion of heal wounds {unknown}


   Skills:
 - Level 2.6 Fighting
 + Level 3.7 Short Blades
 - Level 1.7 Dodging
 - Level 4.5 Stealth


You had 2 spell levels left.
You didn't know any spells.
Your spell library contained the following spells:

 Spells                   Type           Power      Damage    Failure   Level
 Necrotise                Necr           0%         1d4       38%         1
 Sublimation of Blood     Necr           0%         N/A       54%         2
 Wereblood                Tmut           0%         N/A       54%         2
 Vampiric Draining        Necr           0%         2d6       77%         3
 Agony                    Necr           0%         N/A       100%        5
 Summon Hydra             Summ           0%         N/A       100%        7


Dungeon Overview and Level Annotations

Branches:
Dungeon (5/15)
 Temple: D:4-7


Innate Abilities, Weirdness & Mutations

You have an increased reservoir of magic. (+10% MP)
You shall have no god before yourself.
Your divine heritage dramatically boosts your attributes as you level up.


Message History

Aim: a gnoll, wielding a +0 halberd (severely wounded, fleeing, 65% to hit)
You throw a poisoned dart.
The poisoned dart barely misses the gnoll.
Unknown command.
Unknown command.
Unknown command.
Unknown command.
Unknown command.
Unknown command.
Okay, then.
There is a stone staircase leading up here.
You climb upwards.
There is a stone staircase leading down here.
You start resting.
HP restored.
You climb downwards.
There is a stone staircase leading up here.
A gnoll is nearby!
Unknown command.
Unknown command.
There is a stone staircase leading up here.
The gnoll hits you with a +0 flail.
You climb upwards.
There is a stone staircase leading down here.
You hit the gnoll.
The gnoll is moderately wounded.
The gnoll barely misses you.
You barely miss the gnoll.
The gnoll is moderately wounded.
The gnoll barely misses you.
You barely miss the gnoll.
The gnoll is moderately wounded.
The gnoll hits you with a +0 flail.
You hit the gnoll.
The gnoll is poisoned.
The gnoll is heavily wounded.
The gnoll hits you with a +0 flail!
You hit the gnoll but do no damage.
The gnoll looks as sick as possible!
The gnoll is heavily wounded.
The gnoll hits you with a +0 flail!
You die...

#.# ####.# #######.## #>#
#....# #......... #.#
#.#### #.###..... #.# #.#
#.# #.#.## #.####.# #.#
#.#.## #......# #.# #.#.##
######.##########.###.#.##
#).................##
#..g@.......>###.####
############.# ### # #.# #
#.######## #.........
##########


You could see a gnoll (extremely poisoned).

Vanquished Creatures
  An adder (D:2)
  2 dart slugs
  3 bats (D:2)
  6 endoplasms
  3 giant cockroaches
  A hobgoblin (D:1)
  5 jackals
  3 kobolds (D:1)
  2 quokkas (D:1)
  2 ball pythons
  A frilled lizard (D:1)
  4 goblins
  2 rats (D:3)
35 creatures vanquished.

Notes
Turn   | Place    | Note
-------+----------+-------------------------------------------
     0 | D:5      | drugrobin the Demigod Delver began the quest for the Orb.
     0 | D:5      | Reached XP level 1. HP: 18/18 MP: 3/3
    12 | D:5      | Noticed an orc wizard
    36 | D:5      | Noticed a hound
   388 | D:1      | Reached XP level 2. HP: 25/25 MP: 4/4
  1402 | D:2      | Reached XP level 3. HP: 29/30 MP: 5/5
  1949 | D:1      | Slain by a gnoll

Illustrated notes

Levels and vault maps discovered:
D:1:      minmay_arrival_wavy_path, layout_loops_ring
D:2:      layout_loops_ring, hellmonk_ecumenical_altar_inner_sanctum
D:3:      layout_rooms
D:4:      layout_loops_corners, lemuel_crystal_altar
D:5:      layout_loops_ring, serial_glass, glass_columns_b, glass_columns_b

Skill      XL: |  1  2 |
---------------+-------+-----
Short Blades   | 2 3 |  3.7
Fighting       | |  2.6
Dodging        | |  1.7
Stealth        | |  4.5

Action                   || total
-------------------------++-------
Melee: Short sword       ||    70
       Whip              ||    54
Throw: Dart              ||     8
  Use: Scroll            ||     1
 Stab: Sleeping          ||    10
       Distracted        ||     1
Armor: Leather armour    ||    31
Dodge: Dodged            ||    83

Table legend: (Time is in decaauts)
 A = Elapsed time spent in this place.
 B = Non-inter-level travel time spent in this place.
 C = Inter-level travel time spent in this place.
 D = Time resting spent in this place.
 E = Time spent auto-exploring this place.
 F = Levels seen in this place.
 G = Mean time per level.
                   A        B        C        D        E       F      G
               +--------+--------+--------+--------+--------+-----+--------+
         Total |   1952 |   1899 |     53 |    329 |   1013 |   5 |  390.4 |
       Dungeon |   1952 |   1899 |     53 |    329 |   1013 |   5 |  390.4 |
               +--------+--------+--------+--------+--------+-----+--------+

Top non-repeatable levels by time:
     D:1: 1394 daAuts
     D:2: 424 daAuts
     D:4: 63 daAuts
     D:5: 55 daAuts
     D:3: 15 daAuts
